 Seeded DCSS version 0.28.0-43-g3370ac3207 (webtiles) character file.

Game seed: 13906219730512551313 (custom seed)

26 gzilladon the Chopper (level 3, 0/33 HPs)
             Began as a Hill Orc Monk on Mar 31, 2022.
             Succumbed to a scorpion's poison
             ... on level 5 of the Dungeon.
             The game lasted 00:06:45 (2156 turns).

gzilladon the Chopper (Hill Orc Monk)               Turns: 2156, Time: 00:06:45

Health: 0/33       AC:  3    Str: 15    XL:     3   Next: 8%
Magic:  3/3        EV: 12    Int: 10    God:
Gold:   152        SH:  0    Dex: 13    Spells: 2/2 levels left

rFire   . . .      SeeInvis .   a - +0 hand axe
rCold   . . .      Faith    +   (no shield)
rNeg    . . .      Spirit   .   b - +1 robe
rPois   .          Reflect  .   (no helmet)
rElec   .          Harm     .   (no cloak)
rCorr   .          Rampage  .   (no gloves)
Will    .....                   (no boots)
Stlth   ++........              g - amulet of faith
HPRegen 0.11/turn               (no ring)
MPRegen 0.08/turn               (no ring)

@: lethally poisoned (0 -> -15)
A: no striking features
a: no special abilities


You were on level 5 of the Dungeon.
You visited 1 branch of the dungeon, and saw 4 of its levels.

You collected 152 gold pieces.

Inventory:

Hand Weapons
 a - a +0 hand axe (weapon)
Missiles
 e - 24 stones (quivered)
 j - 16 arrows
Armour
 b - a +1 robe (worn)
Jewellery
 g - an amulet of faith (around neck)
Scrolls
 f - a scroll of immolation {unknown}
 h - a scroll of magic mapping {unknown}
 l - a scroll of noise {unknown}
Potions
 i - a potion of magic {unknown}
 k - a potion of invisibility {unknown}


   Skills:
 + Level 4.0 Fighting
 * Level 4.9 Axes
 + Level 2.6 Dodging
 - Level 1.5 Stealth


You had 2 spell levels left.
You didn't know any spells.
Your spell library contained the following spells:

 Spells                   Type           Power      Damage    Failure   Level
 Static Discharge         Conj/Air       0%         N/A       50%         2
 Lightning Bolt           Conj/Air       0%         1d11      100%        5
 Maxwell's Capacitive Co  Air            0%         ∞         100%        8


Dungeon Overview and Level Annotations

Branches:
Dungeon (5/15)
 Temple: D:4-7

Altars:
Fedhas
Hepliaklqana
Nemelex Xobeh
Xom


Message History

As you read the scroll labelled VOB JAEQEL, it crumbles to dust.
It is a scroll of enchant armour.
Your +0 robe glows green for a moment.
The gnoll barely misses you.
Blink to where?
Press: ? - help, Dir - move target Blink to where?
Press: ? - help, Dir - move target
As you read the scroll labelled PONGIR UNIPP, it crumbles to dust.
It was a scroll of blinking.
The water moccasin skeleton bites something.
Found a blossoming altar of Fedhas.
A scorpion comes into view.
Found a hazy altar of Hepliaklqana and a shimmering altar of Xom.
There is a blossoming altar of Fedhas here.
Found a scroll labelled FYKHEOCEGHI.
There is a dry fountain here.
You open the door. The water moccasin skeleton bites you.
The water moccasin skeleton bites you!
There is an open door, spattered with blood here.
The water moccasin skeleton bites you.
* * * LOW HITPOINT WARNING * * *
The gnoll shouts!
The scorpion completely misses you. The water moccasin skeleton bites you.
* * * LOW HITPOINT WARNING * * *
An ufetubus comes into view.
The scorpion stings you but does no damage.
The water moccasin skeleton misses you.
There is a shaft here.
The scorpion misses you.
The water moccasin skeleton falls through a shaft!
The shaft crumbles and collapses.
The scorpion barely misses you. The scorpion misses you.
Found a chain mail.
The scorpion stings you.
* * * LOW HITPOINT WARNING * * *
You are lethally poisoned!
The scorpion poisons you!
You die...

#......#.....
#.
#............
#.
###....#.....
#.
#...........#
#.
#.####.####.#
#. #g# ...
#.# #. #.#
..#.
#[#####.# ###
# #.@.s.g.#
#########


You could see a scorpion and a gnoll.

Vanquished Creatures
  2 dart slugs
  A ball python (D:1)
  2 bats (D:1)
  An endoplasm (D:1)
  A giant cockroach (D:2)
  A hobgoblin (D:1)
  4 frilled lizards
  8 goblins
  2 rats (D:1)
22 creatures vanquished.

Vanquished Creatures (others)
  2 plants (D:5)
2 creatures vanquished.

Grand Total: 24 creatures vanquished

Notes
Turn   | Place    | Note
-------+----------+-------------------------------------------
     0 | D:1      | gzilladon the Hill Orc Monk began the quest for the Orb.
     0 | D:1      | Reached XP level 1. HP: 19/19 MP: 1/1
   395 | D:1      | Reached XP level 2. HP: 19/27 MP: 2/2
   683 | D:1      | Found a faded altar of an unknown god.
  1494 | D:2      | Reached XP level 3. HP: 20/33 MP: 3/3
  1778 | D:2      | You fall into a shaft and drop 2 floors!
  1790 | D:4      | Noticed an ogre
  1831 | D:5      | Entered Level 5 of the Dungeon
  1964 | D:5      | Found a sparkling altar of Nemelex Xobeh.
  2124 | D:5      | Found a blossoming altar of Fedhas.
  2127 | D:5      | Noticed a scorpion
  2128 | D:5      | Found a hazy altar of Hepliaklqana.
  2128 | D:5      | Found a shimmering altar of Xom.
  2156 | D:5      | Succumbed to a scorpion's poison

Illustrated notes

Levels and vault maps discovered:
D:1:      nagdon_arrival_zigzag_paths, layout_basic,
          nicolae_ecumenical_snake_handling, hangedman_decor_clover_reticule,
          lemuel_another_geyser
D:2:      layout_basic, uniq_sigmund
D:4:      minmay_general_purpose_star, layout_basic, trog_wizard, serial_glass,
          glass_columns_a, glass_columns_a, minmay_strange_pillars,
          minmay_strange_pillars, feat_on_display, minmay_strange_pillars,
          gup_sewer_entry_bubbles
D:5:      minmay_evil_eye, layout_basic, amcnicky_altar_gilded,
          gammafunk_temple_overflow_forgotten, minmay_temple_entry_wispy

Skill      XL: |  1  2  3 |
---------------+----------+-----
Fighting       | 4 |  4.0
Axes           | |  4.9
Dodging        | |  2.6
Stealth        | |  1.5

Action                   || total
-------------------------++-------
Melee: Hand axe          ||    64
       Punch             ||     1
  Use: Scroll            ||     2
Armor: Robe              ||    10
Dodge: Dodged            ||    43
